 Dungeon Crawl Stone Soup version 0.27.0-1-g7a089689b8 (webtiles) character file.

Game seed: 16637651951944129944

7 nxtlvl the Poker (level 2, -34/22 HPs)
             Began as a Human Gladiator on Aug 4, 2021.
             Killed by an exploding adder (35 damage)
             ... ignited by their inner flame
             ... on level 2 of the Dungeon.
             The game lasted 00:03:07 (299 turns).

nxtlvl the Poker (Human Gladiator)                   Turns: 299, Time: 00:03:08

Health: -34/22     AC:  4    Str: 14    XL:     2   Next: 10%
Magic:  2/2        EV: 16    Int:  8    God:
Gold:   48         SH:  0    Dex: 14    Spells: 1/1 levels left

rFire    . . .     SeeInvis .   a - +0 trident
rCold    . . .     Faith    .   (no shield)
rNeg     . . .     Spirit   .   b - +0 leather armour
rPois    .         Reflect  .   c - +0 helmet
rElec    .         Harm     .   (no cloak)
rCorr    .         Rampage  .   (no gloves)
Will     .....                  (no boots)
Stlth    +.........             (no amulet)
HPRegen  0.07/turn              e - +4 ring of evasion
MPRegen  0.08/turn              (no ring)

@: no status effects
A: no striking features
a: no special abilities


You were on level 2 of the Dungeon.
You visited 1 branch of the dungeon, and saw 3 of its levels.

You collected 48 gold pieces.

Inventory:

Hand Weapons
 a - a +0 trident (weapon)
Missiles
 d - 3 throwing nets (quivered)
Armour
 b - a +0 leather armour (worn)
 c - a +0 helmet (worn)
Jewellery
 e - a +4 ring of evasion (left hand)


   Skills:
 - Level 2.0 Fighting
 * Level 3.5 Polearms
 - Level 2.0 Throwing
 - Level 3.0 Dodging


You had one spell level left.
You didn't know any spells.
Your spell library was empty.

Dungeon Overview and Level Annotations

Branches:
Dungeon (3/15)

Altars:

Annotations:
D:3 Ijyb


Message History

You hit Ijyb but do no damage.
Ijyb is moderately wounded.
The bat closely misses you. Ijyb completely misses you.
The bat barely misses you.
You hit Ijyb but do no damage.
Ijyb is moderately wounded.
The bat misses you. Ijyb barely misses you.
You closely miss Ijyb.
Ijyb is moderately wounded.
The bat closely misses you. Ijyb closely misses you.
The bat hits you but does no damage.
You hit Ijyb but do no damage.
Ijyb is moderately wounded.
The bat hits you but does no damage. Ijyb hits you with a +1 spectral club!
* * * LOW HITPOINT WARNING * * *
You aren't carrying any potions.
As you read the scroll labelled HAEBER VEWAXISCH, it crumbles to dust.
You assume a fearsome visage.
Ijyb looks frightened!
The bat looks frightened!
It was a scroll of fear.
You hear the rusting of a very distant drain.
There is a stone staircase leading up here.
You climb upwards.
The adder completely misses you. The adder barely misses you.
There is a stone staircase leading down here.
You aren't carrying any potions.
As you read the scroll labelled WUSCHU JUNI, it crumbles to dust.
The creatures around you are filled with an inner flame!
It was a scroll of immolation.
The adder barely misses you.
You hit the adder but do no damage. The adder barely misses you.
The adder bites you.
* * * LOW HITPOINT WARNING * * *
You hit the adder but do no damage. The adder bites you.
* * * LOW HITPOINT WARNING * * *
You hit the adder.
Flame seeps out of the adder.
The adder is lightly wounded.
The adder is engulfed in blazing flames.
The adder explodes!
The fiery explosion engulfs you!!
Ouch! That really hurt!
You die...

..... .... #
.... .#
..##. ....
#..
#.##§##.#
#.§○@...#
#..§#.##.#
#.. #.# ###
.##. ...
..#### .#.
#:# #.#.. ..
... #.#.###.
...
###.#.##.##
#..
......##..##


There were no monsters in sight!

Vanquished Creatures
  An adder (D:2)
  An orc (D:3)
  An endoplasm (D:2)
  A giant cockroach (D:3)
  2 bats
  A frilled lizard (D:3)
  A rat (D:2)
8 creatures vanquished.

Notes
Turn   | Place    | Note
-------+----------+-------------------------------------------
     0 | D:1      | nxtlvl the Human Gladiator began the quest for the Orb.
     0 | D:1      | Reached XP level 1. HP: 16/16 MP: 1/1
   242 | D:3      | Reached XP level 2. HP: 22/22 MP: 2/2
   244 | D:3      | Noticed Ijyb
   298 | D:2      | HP: 1/22 [adder (2)]
   299 | D:2      | Killed by an exploding adder... ignited by their inner
                  | flame

Illustrated notes

Levels and vault maps discovered:
D:1:      dpeg_arrival_leaves_temple_mockup, layout_basic,
          hellmonk_ecumenical_altar_crossroads, minivault_11, st_stairs_2,
          minmay_statues_item
D:2:      layout_loops_ring, minmay_pentomino_x4, uniq_robin,
          uniq_crazy_yiuf_cottage
D:3:      wad_crossroads, layout_basic, grunt_temple_overflow_open,
          lightli_sewer_entry_pipes, st_stairs_2, minmay_box_of_dots, uniq_ijyb,
          uniq_jessica

Action                   || total
-------------------------++-------
Melee: Trident           ||    48
  Use: Scroll            ||     2
Armor: Leather armour    ||     7
Dodge: Dodged            ||    43
